 Dungeon Crawl Stone Soup version 0.26-a0-660-gc07710193c (webtiles) character file.

Game seed: 10985159169644366921

55 halkony2012 the Cudgeler (level 3, -2/34 HPs)
             Began as a Minotaur Berserker on Oct 7, 2020.
             Was a Believer of Trog.
             Slain by an orc warrior
             ... wielding a +0 short sword
              (21 damage)
             ... on level 2 of the Dungeon.
             The game lasted 00:03:03 (906 turns).

halkony2012 the Cudgeler (Minotaur Berserker)        Turns: 906, Time: 00:03:03

Health: -2/34      AC:  5    Str: 22    XL:     3   Next: 67%
Magic:  2/2        EV: 11    Int:  4    God:    Trog [**....]
Gold:   109        SH:  0    Dex:  9    Spells: 2/2 levels left

rFire    . . .     SeeInvis .   a - +0 mace
rCold    . . .     Faith    .   (no shield)
rNeg     . . .     Spirit   .   i - +0 ring mail (curse)
rPois    .         Reflect  .   (helmet restricted)
rElec    .         Harm     .   (no cloak)
rCorr    .         Rampage  .   (no gloves)
MR       .....                  (no boots)
Stlth    ..........             (no amulet)
HPRegen  0.11/turn              (no ring)
MPRegen  0.08/turn              (no ring)

@: no status effects
A: retaliatory headbutt, horns 2
a: Berserk, Trog's Hand, Renounce Religion


You were on level 2 of the Dungeon.
You worshipped Trog.
Trog was pleased with you.
You visited 1 branch of the dungeon, and saw 2 of its levels.

You collected 109 gold pieces.

Inventory:

Hand Weapons
 a - a +0 mace (weapon)
Armour
 b - a +0 animal skin
 c - a +0 ring mail
 i - a cursed +0 ring mail (worn)
Scrolls
 d - a scroll of enchant weapon {unknown}
 e - 6 scrolls of remove curse {unknown}
 f - a scroll of identify {unknown}
 h - a scroll of enchant armour {unknown}
 j - a scroll of amnesia {unknown}
Potions
 g - a potion of curing {unknown}
 k - a potion of magic {unknown}


   Skills:
 + Level 4.3 Fighting
 * Level 5.1 Maces & Flails
 - Level 2.4 Armour
 - Level 2.1 Dodging


You had 2 spell levels left.
You didn't know any spells.
Your spell library was empty.

Dungeon Overview and Level Annotations

Branches:
Dungeon (2/15)

Altars:
Nemelex Xobeh


Innate Abilities, Weirdness & Mutations

You reflexively headbutt those who attack you in melee.
You have a pair of horns on your head.


Message History

Trog accepts your kill.
The orc warrior throws a boomerang.
The boomerang closely misses you.
The weapon returns to the orc warrior!
You hit the hobgoblin. Your headbutt misses the hobgoblin.
The hobgoblin is lightly wounded.
The hobgoblin hits you but does no damage.
You closely miss the hobgoblin.
The hobgoblin is lightly wounded.
The hobgoblin hits you but does no damage.
You sock the hobgoblin!
You kill the hobgoblin!
Trog accepts your kill.
The orc warrior throws a boomerang.
The boomerang hits you.
The weapon returns to the orc warrior!
The orc warrior hits you with a +0 short sword!
Items here: ) ? †††.
You closely miss the orc warrior. The orc barely misses you.
The orc warrior hits you with a +0 short sword!!
Ouch! That really hurt!
You die...

..............##
.............##≈#⌠.
............###.^#
#
............#.≈#.#.
...........#[#..≈
######....#.#.##≈≈
#....#≈≈##≈
#....#o.# #....@#.#
#....#o.≈.#
######.≈≈.≈≈#
⌠..##≈. .§.##..
..§.##. ###§. #
##..


You could see an orc warrior and an orc.

Vanquished Creatures
  An adder (D:2)
  A worm (D:2)
  A leopard gecko (D:2)
  An orc (D:2)
  12 bats
  5 giant cockroaches
  5 goblins
  2 hobgoblins
  3 kobolds
  A quokka (D:2)
  A frilled lizard (D:1)
  5 rats
38 creatures vanquished.

Notes
Turn   | Place    | Note
-------+----------+-------------------------------------------
     0 | D:1      | halkony2012 the Minotaur Berserker began the quest for the
                  | Orb.
     0 | D:1      | Reached XP level 1. HP: 19/19 MP: 0/0
     0 | D:1      | Noticed a vampire
     2 | D:1      | Noticed a felid
     2 | D:1      | Noticed an ogre
     5 | D:1      | Noticed a vampire
     6 | D:1      | Noticed a draconian
     7 | D:1      | Noticed a naga
    12 | D:1      | Noticed a vampire
    12 | D:1      | Noticed a human
    14 | D:1      | Noticed a naga
    14 | D:1      | Noticed a felid
    18 | D:1      | Noticed a gargoyle
    33 | D:1      | Noticed a draconian
    86 | D:1      | Reached skill level 4 in Maces & Flails
   119 | D:1      | Reached XP level 2. HP: 27/27 MP: 1/1
   502 | D:2      | Reached ** piety under Trog
   502 | D:2      | Reached XP level 3. HP: 32/33 MP: 2/2
   719 | D:2      | Found a sparkling altar of Nemelex Xobeh.
   889 | D:2      | Noticed an orc warrior
   897 | D:2      | Reached skill level 5 in Maces & Flails
   906 | D:2      | Slain by an orc warrior

Illustrated notes

Levels and vault maps discovered:
D:1:      shiori_arrival_whats_in_store_for_you, layout_basic
D:2:      layout_basic, nemelex_altar_shiori, serial_bayou_lagoon_a, tgw_xom

Skill      XL: |  1  2  3 |
---------------+----------+-----
Maces & Flails | 4 5 |  5.1
Fighting       | 4 |  4.3
Armour         | |  2.4
Dodging        | |  2.1

Action                   || total
-------------------------++-------
Melee: Mace              ||    71
       Headbutt          ||     9
Armor: Ring mail         ||    38
Dodge: Dodged            ||    57

Table legend: (Time is in decaauts)
 A = Elapsed time spent in this place.
 B = Non-inter-level travel time spent in this place.
 C = Inter-level travel time spent in this place.
 D = Time resting spent in this place.
 E = Time spent auto-exploring this place.
 F = Levels seen in this place.
 G = Mean time per level.
                   A        B        C        D        E       F      G
               +--------+--------+--------+--------+--------+-----+--------+
         Total |    918 |    906 |     12 |      0 |    682 |   2 |  459.0 |
       Dungeon |    918 |    906 |     12 |      0 |    682 |   2 |  459.0 |
               +--------+--------+--------+--------+--------+-----+--------+

Top non-repeatable levels by time:
     D:1: 495 daAuts
     D:2: 422 daAuts
